 Dungeon Crawl Stone Soup version 0.28.0 (webtiles) character file.

Game seed: 9053296578525803073

57374 Armakuni the Holy Warrior (level 14, -1/136 HPs)
             Began as a Troll Hedge Wizard on Feb 18, 2022.
             Was a Priest of the Shining One.
             Slain by a polar bear (2 damage)
             ... on level 5 of the Lair of Beasts.
             The game lasted 00:35:50 (16796 turns).

Armakuni the Holy Warrior (Troll Hedge Wizard)     Turns: 16796, Time: 00:35:50

Health: -1/136     AC: 10    Str: 27    XL:     14   Next: 45%
Magic:  9/22       EV: 10    Int: 14    God:    the Shining One [***...]
Gold:   1210       SH: 16    Dex:  9    Spells: 13/17 levels left

rFire   . . .      SeeInvis .     - Unarmed
rCold   + . .      Faith    .   (no shield)
rNeg    + . .      Spirit   .   B - +1 acid dragon scales
rPois   .          Reflect  +   c - +0 hat
rElec   .          Harm     .   I - scarf {+Inv}
rCorr   +          Rampage  .   (gloves unavailable)
Will    +....                   (boots unavailable)
Stlth   +.........              H - amulet of reflection
HPRegen 1.12/turn               J - ring of protection from cold
MPRegen 0.18/turn               V - +6 ring of strength

@: divinely shielded, marked, glowing
A: large, unfitting armour, claws 3, regeneration 1, shaggy fur 1, tough skin 1
a: Renounce Religion, Evoke Invisibility, Divine Shield, Cleansing Flame


You were on level 5 of the Lair of Beasts.
You worshipped the Shining One.
The Shining One was most pleased with you.
You visited 3 branches of the dungeon, and saw 19 of its levels.
You also visited: Ice Cave.

You collected 1335 gold pieces.
You spent 125 gold pieces at shops.

Inventory:

Missiles
 i - 7 javelins
 s - 17 boomerangs
 y - 4 throwing nets
 F - 12 large rocks (quivered)
Armour
 c - a +0 hat (worn)
 B - +1 acid dragon scales (worn)
 I - a scarf of invisibility (worn)
Jewellery
 H - an amulet of reflection (around neck)
 J - a ring of protection from cold (left claw)
 K - a ring of resist corrosion
 V - a +6 ring of strength (right claw)
Wands
 h - a wand of acid (7)
 j - a wand of iceblast (23)
 k - a wand of digging (7)
 m - a wand of mindburst (11)
 o - a wand of polymorph (5)
 p - a wand of paralysis (9)
 v - a wand of flame (17)
Scrolls
 g - 5 scrolls of teleportation
 q - 6 scrolls of amnesia
 r - a scroll of noise
 w - 4 scrolls of vulnerability
 D - a scroll of summoning
 G - a scroll of fear
Potions
 a - 3 potions of mutation
 b - 3 potions of flight
 d - a potion of degeneration {unknown}
 e - a potion of resistance
 f - 2 potions of ambrosia
 l - 4 potions of brilliance
 n - 6 potions of curing
 t - 4 potions of heal wounds
 u - a potion of berserk rage
 x - 3 potions of might {unknown}
 z - 5 potions of cancellation {unknown}
 A - 3 potions of magic {unknown}
 E - 2 potions of haste {unknown}
Miscellaneous
 N - a phial of floods


   Skills:
 - Level 8.1 Fighting
 - Level 10.0 Throwing
 - Level 5.0 Armour
 - Level 5.0 Dodging
 - Level 1.0 Stealth
 + Level 12.1 Unarmed Combat
 - Level 2.0 Spellcasting
 - Level 0.6 Conjurations
 - Level 0.6 Summonings
 - Level 0.6 Translocations
 + Level 13.2 Invocations
 - Level 5.0 Evocations


You had 13 spell levels left.
You knew the following spells:

 Your Spells              Type           Power      Damage    Failure   Level
a - Beastly Appendage     Tmut           2%         N/A       28%         1
b - Blink                 Tloc           6%         N/A       32%         2
d - Apportation           Tloc           6%         N/A       22%         1

Your spell library contained the following spells:

 Spells                   Type           Power      Damage    Failure   Level
 Magic Dart               Conj           12%        1d3       22%         1
 Summon Small Mammal      Summ           12%        N/A       22%         1
 Freeze                   Ice            4%         1d3       28%         1
 Pain                     Necr           4%         1d4       28%         1
 Sandblast                Erth           2%         2d4       28%         1
 Slow                     Hex            4%         N/A       28%         1
 Call Imp                 Summ           3%         N/A       32%         2
 Corpse Rot               Necr/Air       2%         N/A       38%         2
 Passwall                 Tmut/Erth      0%         N/A       38%         2
 Conjure Flame            Conj/Fire      2%         6-21      58%         3
 Dazzling Flash           Conj/Hex       4%         N/A       58%         3
 Stone Arrow              Conj/Erth      4%         3d7       58%         3
 Mephitic Cloud           Conj/Pois/Air  1%         N/A       61%         3
 Frozen Ramparts          Ice            2%         1d2       63%         3
 Passage of Golubria      Tloc           3%         N/A       91%         4
 Hailstorm                Conj/Ice       2%         3d3       94%         4
 Dispel Undead            Necr           1%         3d6       95%         4
 Summon Forest            Summ/Tloc      1%         N/A       99%         5
 Agony                    Necr           1%         N/A       100%        5
 Excruciating Wounds      Necr           0%         N/A       100%        5
 Silence                  Hex/Air        0%         N/A       100%        5
 Death Channel            Necr           0%         N/A       100%        6
 Eringya's Noxious Bog    Tmut/Pois      0%         N/A       100%        6
 Summon Hydra             Summ           1%         N/A       100%        7
 Lehudib's Crystal Spear  Conj/Erth      1%         10d2      100%        8


Dungeon Overview and Level Annotations

Branches:
Dungeon (13/15)            Temple (1/1) D:4            Lair (5/6) D:10
  Swamp (0/4) Lair:2       Spider (0/4) Lair:4          Orc (0/2) D:12
  IceCv (visited)
  Slime: Lair:5-6    Vaults: D:13-14

Altars:
Ashenzari
Cheibriados
Dithmenos
Elyvilon
Fedhas
Gozag
Hepliaklqana
Kikubaaqudgha
Makhleb
Nemelex Xobeh
Okawaru
Qazlal
Ru
Sif Muna
Trog
Uskayaw
Vehumet
Wu Jian
Xom
Yredelemnul
Zin
The Shining One
Beogh

Shops:
D:2 [   D:3 ?


Innate Abilities, Weirdness & Mutations

You are too large for most types of armour.
You have claws for hands.
Your natural rate of healing is unusually fast.
You are covered in fur. (AC +1)
You have tough skin. (AC +1)


Message History

The polar bear barely misses you.
The polar bear claws you but does no damage.
The cane toad misses you.
Activating: Cleansing Flame (1% risk of failure)
Press: ? - help, Dir - look around, f - activate The golden flame engulfs you but does no damage.
You resist.
The golden flame engulfs the cane toad!
The cane toad is severely wounded.
The golden flame engulfs the polar bear!
The polar bear is moderately wounded.
The golden flame engulfs the polar bear!
The polar bear is moderately wounded.
The cane toad barely misses you. The polar bear bites you!
You block the polar bear's attack. The polar bear closely misses you. x2
The polar bear claws you.
* * * LOW HITPOINT WARNING * * *
The polar bear claws you.
* * * LOW HITPOINT WARNING * * *
Activating: Cleansing Flame (1% risk of failure)
Press: ? - help, Dir - look around, f - activate The golden flame engulfs you but does no damage.
You resist.
The golden flame engulfs the cane toad!!
You kill the cane toad!
The golden flame engulfs the polar bear!!
The polar bear is almost dead.
The golden flame engulfs the polar bear!!!
You kill the polar bear!
The blink frog blinks! x2; The polar bear goes berserk!
The blink frog blinks!
A divine shield forms around you! The polar bear bites you!!
* * * LOW HITPOINT WARNING * * *
The polar bear claws you.
* * * LOW HITPOINT WARNING * * *
You block the polar bear's attack. The blink frog hits you!
* * * LOW HITPOINT WARNING * * *
You block the polar bear's attack.
The polar bear claws you but does no damage.
The polar bear claws you.
You die...

### ## ###.# ##### ##
###.### #...###.#.#
#..#.....## #.........#
.......... ##....P....#
#......†####.........##
#......†h@F.P......|.###
##.....F##.........[...#
#....(##.......#P....##
#.##...###P..........P#
# #(..# ####...P.....#
## ....## ##P....#.P##P#
..P.# ###..†......#
#.... ##..#...#...#
..... #P........###


You could see a polar bear (berserk) and 2 blink frogs.

Vanquished Creatures
  4 boulder beetles
  5 hydras
  2 rakshasas
  Harold (D:7)
  8 two-headed ogres
  2 ironbound frosthearts (IceCv)
  A centaur warrior (D:13)
  7 death yaks
  Urug (Lair:3)
  The ghost of t4s4d4r the Grappler, a novice VSDe of Gozag (D:8)
  2 deep elf pyromancers
  An ugly thing (IceCv)
  An oklob plant (D:8)
  5 cyclopes
  4 slime creatures (D:12)
  5 elephants (Lair:5)
  Joseph (Lair:1)
  An ice statue (IceCv)
  A black mamba (Lair:1)
  13 cane toads
  4 rime drakes
  2 unseen horrors
  A kobold demonologist (D:11)
  5 yaktaurs (D:12)
  4 komodo dragons
  An efreet (D:10)
  13 polar bears
  5 trolls
  9 blink frogs
  A hornet (D:8)
  A wind drake (shapeshifter) (D:13)
  A shadow (D:12)
  A jumping spider (Lair:4)
  4 wyverns
  41 yaks
  3 basilisks
  A steam dragon (Lair:2)
  3 vampire mosquitoes (D:12)
  Edmund (D:5)
  3 acid dragons
  A swamp worm (Lair:2)
  10 water moccasins
  A black bear (D:8)
  7 orc warriors
  2 sky beasts
  An ogre (D:5)
  4 ice beasts
  30 wolves
  4 centaurs
  2 phantoms
  2 kobold brigands
  13 bullfrogs
  A gnoll sergeant (D:5)
  4 scorpions
  5 killer bees
  12 wights
  A howler monkey (D:12)
  3 centaur zombies
  5 jellies
  A bullfrog skeleton (D:5)
  7 orc priests
  A centaur skeleton (D:7)
  3 gnoll shamans
  A hound (D:5)
  3 iron imps (D:3)
  Terence (D:3)
  4 iguanas
  18 orc wizards
  A hell rat (D:10)
  A howler monkey zombie (D:9)
  18 gnolls
  6 adders
  4 river rats (D:10)
  2 white imps (D:8)
  An ufetubus (D:5)
  An adder skeleton (D:4)
  2 worms (D:4)
  3 dart slugs
  42 orcs
  16 endoplasms
  A giant cockroach (D:1)
  6 goblins
  8 hobgoblins
  11 kobolds
  3 quokkas
  6 ball pythons
  5 bats
  6 rats
460 creatures vanquished.

Vanquished Creatures (collateral kills)
  A hound (D:6)
  A gnoll shaman (D:6)
  3 gnolls (D:6)
5 creatures vanquished.

Vanquished Creatures (others)
  8 fungi
  3 plants
  5 toadstools (D:2)
16 creatures vanquished.

Grand Total: 481 creatures vanquished

Notes
Turn   | Place    | Note
-------+----------+-------------------------------------------
     0 | D:1      | Armakuni the Troll Hedge Wizard began the quest for the
                  | Orb.
     0 | D:1      | Reached XP level 1. HP: 16/16 MP: 2/2
   117 | D:1      | Reached skill level 1 in Unarmed Combat
   126 | D:1      | Reached XP level 2. HP: 26/26 MP: 4/4
   189 | D:1      | Reached skill level 1 in Fighting
   207 | D:1      | Found a faded altar of an unknown god.
   718 | D:2      | Reached XP level 3. HP: 27/33 MP: 5/5
   827 | D:2      | Reached XP level 4. HP: 38/42 MP: 6/6
   877 | D:2      | Reached XP level 5. HP: 50/50 MP: 7/7
  1065 | D:2      | Found Tesest's Antique Armour Shoppe.
  1260 | D:3      | Noticed Terence
  1268 | D:3      | Killed Terence
  1308 | D:3      | Learned a level 2 spell: Blink
  1405 | D:3      | Reached XP level 6. HP: 28/61 MP: 8/8
  1459 | D:3      | Found a burning altar of Makhleb.
  1674 | D:3      | Found Isuolagiri's Magic Scroll Shop.
  1865 | D:3      | Found a sparkling altar of Nemelex Xobeh.
  1985 | D:4      | Found an ornate altar of the Wu Jian Council.
  2100 | D:2      | Bought a bloodstained robe for 125 gold pieces
  2100 | D:2      | Identified the +0 robe "Kenniets" {Rampage rElec} (You
                  | bought it in a shop on level 2 of the Dungeon)
  2241 | D:4      | Found a radiant altar of Vehumet.
  2337 | D:3      | Reached skill level 5 in Unarmed Combat
  2340 | D:3      | Reached XP level 7. HP: 44/70 MP: 9/9
  2457 | D:4      | Reached skill level 5 in Fighting
  2477 | D:4      | Found a staircase to the Ecumenical Temple.
  2497 | Temple   | Entered the Ecumenical Temple
  2645 | Temple   | Became a worshipper of the Shining One
  3177 | D:5      | Entered Level 5 of the Dungeon
  3288 | D:5      | Reached XP level 8. HP: 46/80 MP: 10/10
  3577 | D:5      | Noticed Edmund
  3599 | D:5      | Killed Edmund
  3600 | D:5      | Reached skill level 5 in Dodging
  3603 | D:5      | Reached skill level 1 in Invocations
  3914 | D:5      | Found a shimmering blue altar of Sif Muna.
  3996 | D:5      | Reached skill level 2 in Invocations
  4099 | D:5      | Got Sif Muna's Grimoire of the Escort
  4101 | D:5      | Got Sif Muna's Disquisition on Transmigration
  4103 | D:5      | Got Sif Muna's Almanac of Displacement
  4106 | D:5      | Learned a level 1 spell: Beastly Appendage
  4108 | D:5      | Learned a level 1 spell: Apportation
  4209 | D:6      | Reached skill level 1 in Throwing
  4391 | D:6      | Reached skill level 3 in Invocations
  4670 | D:6      | Reached * piety under the Shining One
  4738 | D:6      | Reached XP level 9. HP: 68/88 MP: 11/11
  5258 | D:7      | Found a basalt altar of Yredelemnul.
  5486 | D:7      | Noticed a troll
  5496 | D:7      | Killed a troll
  5598 | D:7      | Noticed Harold
  5604 | D:7      | Killed Harold
  5811 | D:7      | Noticed a troll
  5814 | D:7      | Killed a troll
  6022 | D:8      | Noticed an oklob plant
  6027 | D:8      | Found a transporter.
  6027 | D:8      | Noticed a troll
  6060 | D:8      | Reached XP level 10. HP: 102/102 MP: 12/12
  6133 | D:8      | Noticed t4s4d4r's ghost (novice VSDe)
  6138 | D:8      | Found a transporter.
  6198 | D:8      | Found a large runed translucent door.
  6198 | D:8      | Found a large runed translucent door.
  6198 | D:8      | Noticed a cyclops
  6203 | D:8      | Noticed a two-headed ogre
  6214 | D:8      | Killed a two-headed ogre
  6273 | D:8      | Identified the +9 hand crossbow of Vienges {venom, Str+4}
  6287 | D:8      | Reached ** piety under the Shining One
  6524 | D:8      | Found an ancient bone altar of Kikubaaqudgha.
  6531 | D:8      | Killed a cyclops
  6538 | D:8      | Found a shadowy altar of Dithmenos.
  6590 | D:9      | Found a blossoming altar of Fedhas.
  6591 | D:9      | Found a snail-covered altar of Cheibriados.
  6593 | D:9      | Found a hide-covered altar of Uskayaw.
  6593 | D:9      | Found a sacrificial altar of Ru.
  6669 | D:9      | Noticed a two-headed ogre
  6706 | D:9      | Killed a two-headed ogre
  6707 | D:9      | Reached skill level 5 in Throwing
  6803 | D:9      | Found a hazy altar of Hepliaklqana.
  6872 | D:9      | Noticed a two-headed ogre
  6887 | D:9      | Killed a two-headed ogre
  7263 | D:10     | Entered Level 10 of the Dungeon
  7278 | D:10     | Reached *** piety under the Shining One
  7354 | D:10     | Reached XP level 11. HP: 105/105 MP: 13/13
  7530 | D:10     | Noticed a two-headed ogre
  7539 | D:10     | Killed a two-headed ogre
  7645 | D:10     | Noticed a death yak
  7648 | D:10     | Found a staircase to the Lair.
  7648 | D:10     | Noticed a death yak
  7648 | D:10     | Noticed a death yak
  7656 | D:10     | Killed a death yak
  7661 | D:10     | Killed a death yak
  7665 | D:10     | Killed a death yak
  8210 | D:11     | Noticed a two-headed ogre
  8215 | D:11     | Killed a two-headed ogre
  8277 | D:11     | Reached skill level 10 in Throwing
  8277 | D:11     | Reached skill level 1 in Armour
  8319 | D:11     | Noticed a rakshasa
  8339 | D:11     | Killed a rakshasa
  8393 | D:11     | Reached skill level 4 in Invocations
  8725 | D:11     | Noticed a two-headed ogre
  8740 | D:11     | Killed a two-headed ogre
  8978 | D:11     | Noticed a sun demon
  8979 | D:11     | Reached skill level 5 in Invocations
  9132 | D:12     | Reached XP level 12. HP: 27/119 MP: 13/15
  9264 | D:12     | Noticed a boulder beetle
  9283 | D:12     | Killed a boulder beetle
  9284 | D:12     | Reached skill level 6 in Invocations
  9354 | D:12     | Noticed a boulder beetle
  9372 | D:12     | Killed a boulder beetle
  9373 | D:12     | Reached skill level 5 in Armour
  9421 | D:12     | Found a staircase to the Orcish Mines.
  9460 | D:12     | Noticed a two-headed ogre
  9468 | D:12     | Killed a two-headed ogre
  9469 | D:12     | Reached skill level 7 in Invocations
  9640 | D:12     | Noticed a boulder beetle
  9640 | D:12     | Reached **** piety under the Shining One
  9656 | D:12     | Killed a boulder beetle
  9657 | D:12     | Reached skill level 8 in Invocations
  9962 | D:12     | Reached skill level 9 in Invocations
 10426 | D:13     | Noticed a four-headed hydra
 10460 | D:13     | Noticed a rakshasa
 10460 | D:13     | Noticed a centaur warrior
 10473 | D:13     | Killed a centaur warrior
 10480 | D:13     | Reached skill level 10 in Invocations
 10489 | D:13     | Killed a rakshasa
 10678 | D:13     | Noticed a two-headed ogre
 10689 | D:13     | Killed a two-headed ogre
 10994 | D:8      | Killed t4s4d4r's ghost
 10995 | D:8      | Reached XP level 13. HP: 98/127 MP: 20/20
 11006 | D:8      | Reached skill level 11 in Invocations
 11193 | Lair:1   | Entered Level 1 of the Lair of Beasts
 11272 | Lair:1   | Noticed Joseph
 11281 | Lair:1   | Reached skill level 1 in Evocations
 11290 | Lair:1   | Killed Joseph
 11515 | Lair:1   | You fall into a shaft and drop 1 floor!
 12765 | Lair:2   | Reached skill level 5 in Evocations
 12984 | Lair:2   | Found a staircase to the Swamp.
 13506 | Lair:3   | Noticed Urug
 13510 | Lair:3   | Killed Urug
 14449 | Lair:4   | Found a hole to the Spider Nest.
 14502 | Lair:4   | Reached skill level 10 in Unarmed Combat
 14746 | Lair:4   | Identified the +0 chain mail of Afuvayve {rF- rN+++ Str-3
                  | SInv}
 14924 | Lair:4   | Reached skill level 12 in Invocations
 15258 | Lair:5   | Identified the +1 cloak of the Solstice {+Blink rF+ Str-4}
 15420 | Lair:5   | Found a frozen archway.
 15429 | IceCv    | Entered an ice cave
 15509 | IceCv    | Reached XP level 14. HP: 83/136 MP: 22/22
 16250 | IceCv    | Identified the +8 shortbow of Heozechi {freeze, rC+ rN+
                  | MP+9 Dex+3}
 16447 | IceCv    | Reached skill level 13 in Invocations
 16796 | Lair:5   | HP: 1/136 [blink frog (12)]
 16796 | Lair:5   | Slain by a polar bear

Illustrated notes

Levels and vault maps discovered:
D:1:      amcnicky_arrival_single_pillar, layout_loops_ring,
          nicolae_ecumenical_snake_handling
D:2:      cheibrodos_fertilizer, layout_basic, serial_shops, shop_fountains,
          minmay_pentomino_x2
D:3:      layout_basic, mainiacjoe_overflow_catwalk, demons_altar, serial_shops,
          shop_statue, nicolae_elevator_lobby_plus, uniq_terence
D:4:      layout_layer_cave, nicolae_vehumet_altar_sigil,
          nicolae_wu_jian_wuxing_cycle, temple_pool_b
D:5:      layout_loops_ring, nicolae_sif_muna_little_library, uniq_edmund
D:6:      layout_loops_ring
D:7:      layout_basic, yredelemnul_altar_generic, uniq_harold
D:8:      layout_basic, jmf_multi_god_temple2, nzn_ghost_randoct
D:9:      layout_loops_ring, kennysheep_mini_moat,
          chequers_temple_overflow_statue_of_worship, kennysheep_generic_room_4
D:10:     layout_cave_pods, dpeg_lair_monsters, grunt_decor_one_mirror,
          hellmonk_bongcloud_opening
D:11:     layout_basic
D:12:     layout_irregular_city, minmay_orc_entry_temple_small
D:13:     layout_layer_cave
Temple:   nicolae_temple_figure_zero
Lair:1:   layout_hall_layers, patterned_corridor, uniq_joseph
Lair:2:   layout_regular_city, palyth_hydra_swamp_entry, grunt_megastairs_5
Lair:3:   layout_cave_pods, uniq_urug
Lair:4:   layout_roguey, spider_nest_entry_rubble
Lair:5:   layout_roguey, portal_ice_cave_entry_pillars_1,
          cheibrodos_lair_lostbears

Skill      XL: |  1  2  3  4  5  6  7  8  9 10 11 12 13 14 |
---------------+-------------------------------------------+-----
Unarmed Combat | 1 2 3 4 5 8 9 10 12 | 12.1
Fighting       | 1 2 3 4 5 7 8 |  8.1
Dodging        | 4 5 |  5.0
Invocations    | 3 5 10 12 13 | 13.2
Throwing       | 4 7 10 | 10.0
Armour         | 4 5 |  5.0
Evocations     | 5 |  5.0
Stealth        | |  1.0
Spellcasting   | |  2.0
Conjurations   | |  0.6
Summonings     | |  0.6
Translocations | |  0.6

Action                   |  1- 3 |  4- 6 |  7- 9 | 10-12 | 13-15 || total
-------------------------+-------+-------+-------+-------+-------++-------
Melee: Unarmed           |   101 |   136 |   247 |   460 |   562 ||  1506
       Punch             |       |     3 |    11 |    40 |    65 ||   119
       Kick              |       |       |       |     3 |       ||     3
       Headbutt          |       |       |       |     2 |       ||     2
Throw: Dart              |       |       |     3 |     8 |       ||    11
       Large rock        |       |       |       |       |    34 ||    34
       Boomerang         |       |       |       |       |     7 ||     7
 Cast: Blink             |       |       |       |     1 |       ||     1
       Beastly Appendage |       |       |       |     1 |       ||     1
Invok: Divine Shield     |       |       |       |     8 |     6 ||    14
       Cleansing Flame   |       |       |       |     3 |     4 ||     7
Evoke: Wand              |       |       |     3 |     5 |     3 ||    11
  Use: Scroll            |     3 |     2 |    10 |     4 |     4 ||    23
       Potion            |       |       |       |     2 |     1 ||     3
 Stab: Sleeping          |     1 |     1 |       |       |       ||     2
Armor: Robe              |    37 |    28 |    29 |       |       ||    94
       Troll leather arm |       |       |       |    12 |       ||    12
       Acid dragon scale |       |       |       |    60 |   204 ||   264
Dodge: Dodged            |    36 |    54 |    80 |   138 |   248 ||   556
Block: Other             |    17 |    23 |    40 |   104 |   137 ||   321
       Reflection        |     1 |       |     1 |     7 |     2 ||    11
